 Dungeon Crawl Stone Soup version 0.26.1-11-gd32895ea62 (webtiles) character file.

Game seed: 17336161150529741683

27 Zeld the Insei (level 3, 0/23 HPs)
             Began as an Octopode Transmuter on May 28, 2021.
             Slain by a hobgoblin
             ... wielding a cursed -3 club
              (5 damage)
             ... on level 3 of the Dungeon.
             The game lasted 00:00:58 (701 turns).

Zeld the Insei (Octopode Transmuter)                 Turns: 701, Time: 00:00:59

Health: 0/23       AC:  1    Str: 10    XL:     3   Next: 10%
Magic:  6/6        EV: 13    Int: 15    God:
Gold:   10         SH:  0    Dex: 12    Spells: 3/6 levels left

rFire    . . .     SeeInvis .     - Unarmed
rCold    . . .     Faith    .   (no shield)
rNeg     . . .     Spirit   .   (helmet restricted)
rPois    .         Reflect  .   (no amulet)
rElec    .         Harm     .   (no ring)
rCorr    .         Rampage  .   (no ring)
Will     .....                  (no ring)
Stlth    ++........             (no ring)
HPRegen  0.07/turn              (no ring)
MPRegen  0.10/turn              (no ring)
                                (no ring)
                                (no ring)

@: no status effects
A: almost no armour, stealthy swim, amphibious, 8 rings, constrict 8, camouflage
1, gelatinous body 1
a: no special abilities


You were on level 3 of the Dungeon.
You visited 1 branch of the dungeon, and saw 3 of its levels.

You collected 10 gold pieces.

Inventory:

Jewellery
 b - a cursed amulet of inaccuracy {unknown}
Potions
 a - a potion of cancellation {unknown}


   Skills:
 + Level 1.4 Fighting
 + Level 2.3 Dodging
 - Level 3.0 Unarmed Combat
 * Level 2.4 Spellcasting
 * Level 2.5 Transmutations


You had 3 spell levels left.
You knew the following spells:

 Your Spells              Type           Power        Failure   Level
a - Beastly Appendage     Tmut           18%          8%          1
b - Wereblood             Tmut           9%           12%         2

Your spell library contained the following spells:

 Spells                   Type           Power        Failure   Level
 Spider Form              Tmut/Pois      2%           36%         3
 Ice Form                 Ice/Tmut       5%           77%         4
 Blade Hands              Tmut           4%           91%         5


Dungeon Overview and Level Annotations

Branches:
Dungeon (3/15)

Altars:
Wu Jian

Annotations:
D:3 Natasha


Innate Abilities, Weirdness & Mutations

You cannot wear most types of armour.
You are very stealthy in the water. (Stealth+)
You are amphibious.
You can wear up to eight rings at the same time.
You can use your tentacles to constrict eight enemies at once.
Your skin changes colour to match your surroundings (Stealth+).
Your rubbery body absorbs attacks. (AC +1, EV +1)


Message History

You kill the hobgoblin!
The bat misses you. The goblin hits you but does no damage.
The kobold completely misses you. The goblin misses you.
Unknown command.
The bat hits you.
* * * LOW HITPOINT WARNING * * *
You see here a +0 club.
Unknown command.
Unknown command.
Found a white potion.
A hobgoblin comes into view. It is wielding a -3 club.
The hobgoblin moves out of view.
The hobgoblin shouts!
You see here a white potion.
Natasha, Servant of Life and Death comes into view.
She is carrying a wand of digging (6).
Found an ornate altar of the Wu Jian Council.
The bat hits you but does no damage. The bat hits you but does no damage.
The hobgoblin hits you with a cursed -3 club.
You die...

###.... #.....# #..
#.....#
###..######..h..#
...#.....##.)?..# ##
...............# ..#
h..............# ...8
...........g@.##.....
...........#bK...._..
........<..#..##....
...........#..h# ...
......[.g.####.# .
.........hb.##.#
....#######.##g# .##
#....# ###..#


You could see Natasha (wandering), a jackal, a hobgoblin, a goblin, a bat and a
kobold.

Vanquished Creatures
  A dart slug (D:1)
  2 bats
  2 giant cockroaches (D:1)
  4 hobgoblins
  A quokka (D:2)
  4 goblins
  6 kobolds
  2 rats (D:1)
22 creatures vanquished.

Notes
Turn   | Place    | Note
-------+----------+-------------------------------------------
     0 | D:1      | Zeld the Octopode Transmuter began the quest for the Orb.
     0 | D:1      | Reached XP level 1. HP: 13/13 MP: 3/3
   226 | D:1      | Reached XP level 2. HP: 4/18 MP: 3/5
   229 | D:1      | Learned a level 2 spell: Wereblood
   667 | D:2      | Reached XP level 3. HP: 18/23 MP: 3/6
   699 | D:3      | Found an ornate altar of the Wu Jian Council.
   699 | D:3      | Noticed Natasha
   701 | D:3      | Slain by a hobgoblin

Illustrated notes

Levels and vault maps discovered:
D:1:      matt_arrival_refuge, layout_basic, st_stairs_6
D:2:      layout_basic, chequers_ecumenical_altar_simple,
          chequers_serial_rivers_room_b, kennysheep_nub, grunt_qazlal_clouds
D:3:      layout_rooms, nzn_wu_jian_council_hall,
          minmay_overflow_temple_star_quad,
          wander_ebering_terrifying_dragon_lair, uniq_natasha, uniq_robin

Action                   || total
-------------------------++-------
Melee: Unarmed           ||    45
       Constrict         ||    18
       Kick              ||    13
       Tentacles         ||     7
       Punch             ||     1
 Cast: Beastly Appendage ||    13
 Stab: Sleeping          ||     2
Armor: Skin              ||     8
Dodge: Dodged            ||    41
